[Event "Early-Titled-Tuesday-Blitz-May-14-2024"]
[Site "Chess.com"]
[Date "2024.05.14"]
[Round "6"]
[White "Legendinunknown"]
[Black "karinachess1"]
[Result "1-0"]
[WhiteElo "2833"]
[BlackElo "2606"]
[TimeControl "180+1"]
[EndTime "9:07:40 PDT"]
[Termination "Legendinunknown won on time"]

1. e4 e5 2. Nc3 Nf6 3. Bc4 Be7 4. Nf3 d6 5. d4 exd4 6. Nxd4 O-O 7. O-O c6 8. a4 a5 9. Re1 Na6 10. Bf4 Nc5 11.
Ba2 Qb6 12. Rb1 Bd7 13. h3 Rad8 14. Be3 Rfe8 15. Qf3 Qc7 16. Rbd1 Bc8 17. Nf5 Bxf5 18. Qxf5 Na6 19. Bd4 Nb4 20. Bb3 Rf8 21. e5 dxe5 22.
Bxe5 Qc8 23. Qg5 Rxd1 24. Rxd1 h6 25. Qf4 Nfd5 26. Nxd5 Nxd5 27. Qg3 f6 28. Bf4 Kh8 29. Bd2 Qf5 30. Bxa5 Nf4 31. Qe3 Bc5 32. Qf3 Qg5 33. Bd2 Bd6 34. Be3 Bc7 35. g3 Nxh3+ 36. Kg2 1-0

[Event "Early-Titled-Tuesday-Blitz-May-14-2024"]
[Site "Chess.com"]
[Date "2024.05.14"]
[Round "6"]
[White "jup1978"]
[Black "Anu-triz"]
[Result "1-0"]
[WhiteElo "2472"]
[BlackElo "2299"]
[TimeControl "180+1"]
[EndTime "9:07:40 PDT"]
[Termination "jup1978 won by resignation"]

1. d4 Nf6 2. Nf3 g6 3. g3 Bg7 4. Bg2 O-O 5. c4 d6 6. Nc3 c5 7. O-O cxd4 8. Nxd4 Nbd7 9. Re1 a5 10. b3 Nc5 11.
Bb2 Nfd7 12. Ndb5 Rb8 13. Qc2 b6 14. Nd5 Bb7 15. Bxg7 Kxg7 16. Rad1 Bxd5 17. Bxd5 Nf6 18. Bg2 Qd7 19. e4 Rfd8 20. e5 Ne8 21. exd6 Nxd6 22.
Nxd6 exd6 23. Rd5 Re8 24. Red1 Rbd8 25. h4 Kg8 26. h5 Qe7 27. Qc3 Ne4 28. Bxe4 Qxe4 29.
hxg6 hxg6 30. Rxd6 Rxd6 31. Rxd6 Qb1+ 32. Kg2 Qxa2 33.
Rxb6 Qe2 34. Qf3 Qb2 35. Rb7 Qg7 36. Qd5 Rf8 37. Qxa5 Qf6 38. Qd5 Qg5 39. Qxg5 1-0

[Event "Early-Titled-Tuesday-Blitz-May-14-2024"]
[Site "Chess.com"]
[Date "2024.05.14"]
[Round "6"]
[White "AnishOnYoutube"]
[Black "bascheyaro"]
[Result "1-0"]
[WhiteElo "3014"]
[BlackElo "2813"]
[TimeControl "180+1"]
[EndTime "9:07:45 PDT"]
[Termination "AnishOnYoutube won by resignation"]

1. e4 e6 2. d4 d5 3. e5 c5 4. c3 Qb6 5. Nf3 Bd7 6. Be2 Bb5 7. O-O Bxe2 8. Qxe2 Nc6 9. dxc5 Bxc5 10. b4 Bf8 11. Nbd2 Nge7 12. Nb3 Ng6 13. Re1 Be7 14. a4 Qc7 15. a5 a6 16. Bd2 O-O 17. Nbd4 Rfc8 18. g3 h6 19. h4 Bf8 20. Kh2 Nge7 21. Nb3 b6 22. axb6 Qxb6 23. Be3 Qb5 24. Qxb5 axb5 25. Rxa8 Rxa8 26. Nbd4 Rb8 27. Ra1 Nxd4 28. Nxd4 Nf5 29.
Nxf5 exf5 30. Ra7 g5 31. hxg5 hxg5 32. Rd7 f4 33. gxf4 gxf4 34. Bd4 Kg7 35. e6+ Kg6 36.
e7 Bxe7 37. Rxe7 1-0

[Event "Early-Titled-Tuesday-Blitz-May-14-2024"]
[Site "Chess.com"]
[Date "2024.05.14"]
[Round "6"]
[White "ChristopherYoo"]
[Black "Yaacovn"]
[Result "1-0"]
[WhiteElo "2999"]
[BlackElo "2808"]
[TimeControl "180+1"]
[EndTime "9:07:47 PDT"]
[Termination "ChristopherYoo won on time"]

1. d4 Nf6 2. Nf3 d5 3. Bf4 e6 4. e3 Bd6 5. Bg3 b6 6. Nbd2 O-O 7. Bd3 Bb7 8. O-O Ne4 9. Bh4 Be7 10. Bxe7 Qxe7 11. a4 a6 12. c3 Nd7 13. Qc2 Ndf6 14. Ne5 g6 15. f3 Nxd2 16. Qxd2 Nd7 17. Ng4 e5 18. Rae1 f5 19. Nxe5 Nxe5 20. dxe5 Qxe5 21. Bc2 Rad8 22. a5 b5 23. Qd4 Rfe8 24. Qa7 Rb8 25. Bb3 Qd6 26. e4 fxe4 27. fxe4 Kg7 28. exd5 Rxe1 29. Rxe1 b4 30. Qxb8 1-0

[Event "Early-Titled-Tuesday-Blitz-May-14-2024"]
[Site "Chess.com"]
[Date "2024.05.14"]
[Round "6"]
[White "ChessQueen"]
[Black "BelyakovBogdan"]
[Result "1/2-1/2"]
[WhiteElo "2774"]
[BlackElo "2599"]
[TimeControl "180+1"]
[EndTime "9:07:47 PDT"]
[Termination "Game drawn by repetition"]

1. e4 e5 2. Nf3 Nc6 3. Bb5 Nf6 4. d4 exd4 5. O-O a6 6. Ba4 Be7 7. e5 Ne4 8. Nxd4 O-O 9. Nf5 Nc5 10. Bxc6 dxc6 11.
Nxe7+ Qxe7 12. Qe2 Re8 13. Re1 Bf5 14. Nc3 Rad8 15.
Bf4 Ne6 16. Be3 Nd4 17. Bxd4 Rxd4 18. h3 h6 19. Rac1 Qg5 20. Qf3 Bg6 21. g3 Rxe5 22. h4 Qe7 23. Rxe5 Qxe5 24. Kf1 Bh5 25. Qe3 Qxe3 26.
fxe3 Rd2 27. Ne4 Rh2 28. Kg1 Re2 29. Nc5 Bf3 30. Nxb7 Rg2+ 31. Kf1 Rh2 32. Ke1 Re2+ 33. Kf1 Rh2 34. Ke1 Re2+ 35. Kf1 Rh2 1/2-1/2

[Event "Early-Titled-Tuesday-Blitz-May-14-2024"]
[Site "Chess.com"]
[Date "2024.05.14"]
[Round "6"]
[White "Gumugama"]
[Black "MaxLeto"]
[Result "1/2-1/2"]
[WhiteElo "2282"]
[BlackElo "2419"]
[TimeControl "180+1"]
[EndTime "9:07:47 PDT"]
[Termination "Game drawn by repetition"]

1. e4 a6 2. d4 b6 3. Bd3 c6 4. c4 d6 5. Nc3 e6 6. f4 f6 7. Nf3 Bb7 8. O-O Nd7 9. Be3 Ne7 10.
b4 g6 11. a4 Bg7 12. b5 axb5 13. axb5 c5 14. d5 exd5 15. exd5 f5 16. Qc2 h6 17. h4 Nf6 18. Bd2 O-O 19. Ne2 Ng4 20. Rxa8 Qxa8 21.
h5 gxh5 22. Nh4 Bc8 23. Ng3 Bd4+ 24. Kh1 Nf2+ 25. Kh2 Ng4+ 26. Kh3 Qa3 27. Rf3 Nf2+ 28. Kh2 Ng4+ 29. Kh3 Qa1 30. Rf1 Qa3 31. Rf3 1/2-1/2

[Event "Early-Titled-Tuesday-Blitz-May-14-2024"]
[Site "Chess.com"]
[Date "2024.05.14"]
[Round "6"]
[White "Actuary44"]
[Black "ChEsper99"]
[Result "1-0"]
[WhiteElo "2469"]
[BlackElo "2263"]
[TimeControl "180+1"]
[EndTime "9:07:47 PDT"]
[Termination "Actuary44 won on time"]

1. e4 c6 2. d4 d5 3. Nc3 dxe4 4.
Nxe4 Nf6 5. Ng3 g6 6. Nf3 Bg7 7. Bg5 Bg4 8. Qd2 Bxf3 9. gxf3 Nbd7 10. O-O-O O-O 11. h4 h5 12. f4 e6 13. Be2 Qb6 14.
Rhg1 c5 15. f5 exf5 16. Bh6 Ng4 17. Bxg7 Kxg7 18. f3 Nh6 19. Nxh5+ Kh7 20. Nf4 cxd4 21. Qxd4 Qxd4 22. Rxd4 Nf6 23. Rgd1 Rfe8 24. Bc4 Kg7 25. h5 Nxh5 26. Nxh5+ gxh5 27. Rg1+ Kf6 28. Rd6+ Re6 29. Bxe6 fxe6 30. Rh1 Rg8 31. Rxh5 Nf7 32. Rd7 Rg3 33. f4 Rg4 34. Rh7 1-0

[Event "Early-Titled-Tuesday-Blitz-May-14-2024"]
[Site "Chess.com"]
[Date "2024.05.14"]
[Round "6"]
[White "KatakuriDono"]
[Black "rodp92"]
[Result "0-1"]
[WhiteElo "2301"]
[BlackElo "2532"]
[TimeControl "180+1"]
[EndTime "9:07:50 PDT"]
[Termination "rodp92 won by checkmate"]

1. d4 Nf6 2. Nf3 e6 3. g3 d5 4.
Bg2 Be7 5. O-O O-O 6. c4 dxc4 7.
Ne5 Nc6 8. Nxc6 bxc6 9. Na3 Bxa3 10. bxa3 Nd5 11. Qa4 Nb6 12. Qxc6 Rb8 13. Rd1 Bb7 14. Qc5 Bxg2 15. Kxg2 Qd5+ 16. f3 Rfd8 17. Bf4 Qxc5 18.
dxc5 Nd5 19. Rdc1 Rb2 20. Rxc4 Rxe2+ 21. Kh3 e5 22. Bg5 f6 23. Bc1 Kf7 24. Rb1 Ne7 25. Rb7 Rd1 26. Rxc7 Rh1 27. Rxe7+ Kxe7 28. c6 Rhxh2+ 29.
Kg4 h5+ 30. Kf5 Kf7 31. c7 g6# 0-1

[Event "Early-Titled-Tuesday-Blitz-May-14-2024"]
[Site "Chess.com"]
[Date "2024.05.14"]
[Round "6"]
[White "Tolyanius"]
[Black "ATM622"]
[Result "1-0"]
[WhiteElo "2670"]
[BlackElo "2547"]
[TimeControl "180+1"]
[EndTime "9:07:51 PDT"]
[Termination "Tolyanius won by checkmate"]

1. e4 c6 2. c4 e5 3. Nc3 Nf6 4. d4 exd4 5. Qxd4 c5 6. Qd2 Nc6 7. b3 g6 8. Bb2 Bg7 9. Bd3 O-O 10. Nge2 Re8 11. O-O d6 12. Rad1 Ng4 13. Bb1 Nd4 14.
h3 Ne5 15. f4 Nec6 16. Nb5 Qb6 17. Nbxd4 cxd4 18. Nxd4 g5 19. fxg5 Ne5 20. Kh1 Bd7 21.
Nf5 Bxf5 22. exf5 Nxc4 23. bxc4 Qxb2 24. Qxd6 Be5 25. Qh6 Bg7 26. Qh5 Re2 27. f6 Rxg2 28.
Qxh7+ Kf8 29. Qxg7+ Ke8 30. Qg8# 1-0

[Event "Early-Titled-Tuesday-Blitz-May-14-2024"]
[Site "Chess.com"]
[Date "2024.05.14"]
[Round "6"]
[White "cthulhuuu"]
[Black "becemix"]
[Result "1-0"]
[WhiteElo "2453"]
[BlackElo "2589"]
[TimeControl "180+1"]
[EndTime "9:07:51 PDT"]
[Termination "cthulhuuu won on time"]

1. e4 e5 2. Nf3 Nc6 3. d3 Nf6 4. g3 Bc5 5. Bg2 d6 6. O-O h6 7. c3 a6 8. b4 Ba7 9. a4 O-O 10. Nbd2 Be6 11. Bb2 d5 12. b5 Ne7 13. Nxe5 c6 14.
bxa6 bxa6 15. Ba3 Rc8 16. Rb1 Bb8 17. Rxb8 Rxb8 18. Bxe7 Qxe7 19. Nxc6 Qc7 20. Nxb8 Rxb8 21. c4 dxc4 22. Nxc4 Bxc4 23. dxc4 Qxc4 24. e5 Ne4 25.
Re1 Nc5 26. Qd6 Re8 27. Qc6 Re6 28. Qa8+ Kh7 29. Bd5 Qc3 30. Re3 Qc1+ 31. Kg2 Re7 32. Qf8 1-0

[Event "Early-Titled-Tuesday-Blitz-May-14-2024"]
[Site "Chess.com"]
[Date "2024.05.14"]
[Round "6"]
[White "FoggyMorning"]
[Black "FaustinoOro"]
[Result "0-1"]
[WhiteElo "2611"]
[BlackElo "2943"]
[TimeControl "180+1"]
[EndTime "9:07:52 PDT"]
[Termination "FaustinoOro won by resignation"]

1. e4 e5 2. Nf3 Nc6 3. Bc4 Bc5 4. d3 Nf6 5. Nc3 O-O 6. O-O h6 7. h3 a6 8. a4 d6 9. Be3 Qe7 10. Bxc5 dxc5 11. Nd5 Qd6 12. c3 Nxd5 13. Bxd5 Ne7 14. Ba2 Rd8 15. Qe2 Ng6 16. Rad1 Nf4 17. Qe3 Qg6 18.
g3 Nxh3+ 19. Kh2 Qh5 20. Kg2 Bg4 21. Rh1 Rd6 22. Rd2 Rg6 23. Nh4 Rf6 24. f3 Bd7 25. Nf5 Qg5 26. Rxh3 Bxf5 27. Qxg5 Bxh3+ 28. Kxh3 hxg5 29. Kg4 Rd8 30. Bd5 c6 31. Bb3 Rfd6 32. Bc2 c4 33. d4 exd4 34. cxd4 Rxd4 35. Rh2 Rd2 0-1

[Event "Early-Titled-Tuesday-Blitz-May-14-2024"]
[Site "Chess.com"]
[Date "2024.05.14"]
[Round "6"]
[White "JERO-8914"]
[Black "Darko-Dimitrijevic"]
[Result "1-0"]
[WhiteElo "2401"]
[BlackElo "2219"]
[TimeControl "180+1"]
[EndTime "9:07:53 PDT"]
[Termination "JERO-8914 won by resignation"]

1. c4 g6 2. Nc3 Bg7 3. d4 b6 4. Nf3 Bb7 5. e4 e6 6. h4 h5 7. Bg5 Ne7 8. Bd3 d6 9. Qe2 Nd7 10. O-O-O c5 11. d5 e5 12. Nd2 Nf6 13. f3 Qd7 14. g4 hxg4 15. Rdf1 Nh5 16. Rhg1 gxf3 17. Qxf3 f6 18. Be3 O-O-O 19. Rf2 Rdf8 20. Bf1 Kb8 21. Bh3 Qd8 22. Be6 Bc8 23. Qg4 f5 24. exf5 gxf5 25. Qh3 f4 26. Bxf4 Nxf4 27. Rxf4 Rxf4 28. Rxg7 Rhxh4 29. Qg3 Bxe6 30. dxe6 a6 31. Qg5 Nc6 32. Rg8 Rh1+ 33.
Kc2 Nd4+ 34. Kd3 Rf8 35. Qxd8+ Rxd8 36. Rxd8+ Kc7 37. Rd7+ Kc8 38. Nd5 Rh3+ 39. Ke4 Rh4+ 40. Ke3 Rh3+ 41. Kf2 Rh2+ 42. Kg3 Rxd2 43. Rc7+ Kd8 44.
e7+ Ke8 45. Rc8+ Kf7 46. e8=Q+ Kg7 47. Qg8+ Kh6 48. Qh8+ Kg6 49. Rg8+ Kf7 50. Qh7+ Ke6 51. Rg6+ 1-0

[Event "Early-Titled-Tuesday-Blitz-May-14-2024"]
[Site "Chess.com"]
[Date "2024.05.14"]
[Round "6"]
[White "Dewarfd"]
[Black "Vesper2018"]
[Result "0-1"]
[WhiteElo "2086"]
[BlackElo "2551"]
[TimeControl "180+1"]
[EndTime "9:07:54 PDT"]
[Termination "Vesper2018 won by checkmate"]

1. d4 Nf6 2. e3 g6 3. Nf3 Bg7 4. Be2 O-O 5. b4 d5 6. O-O a5 7. b5 a4 8. c4 dxc4 9. Bxc4 c6 10.
Bb2 cxb5 11. Bxb5 Qb6 12. Na3 Bd7 13. Qe2 Nc6 14. Rab1 Qa5 15. Ba1 Ne4 16. Nc4 Qc7 17. Rfc1 e6 18. Bxc6 Bxc6 19. Nce5 Ra6 20. h3 Rc8 21.
Bb2 f6 22. Nxc6 Rxc6 23. Rxc6 Qxc6 24. Rc1 Qd7 25. Qd3 Nd6 26. Rxc8+ Qxc8 27. Ba3 Nc4 28. Qc2 Qc6 29. Bb4 b5 30. a3 Bf8 31. Bxf8 Kxf8 32.
Nd2 Qd5 33. Nxc4 Qxc4 34. Qxc4 bxc4 35. Kf1 Ke7 36. Ke2 Kd6 37. Kd2 e5 38. dxe5+ Kxe5 39. Kc3 Kd5 40. Kb4 f5 41. f3 g5 42. Kxa4 f4 43.
exf4 gxf4 44. Kb4 Kd4 45. a4 c3 46. Kb3 Kd3 47. a5 c2 48. a6 c1=Q 49. a7 Qc4+ 50. Kb2 Qb4+ 51. Kc1 Qb3 52. a8=Q Qc2# 0-1

[Event "Early-Titled-Tuesday-Blitz-May-14-2024"]
[Site "Chess.com"]
[Date "2024.05.14"]
[Round "6"]
[White "Eloist"]
[Black "Maria_Elayza"]
[Result "0-1"]
[WhiteElo "2442"]
[BlackElo "2281"]
[TimeControl "180+1"]
[EndTime "9:07:54 PDT"]
[Termination "Maria_Elayza won on time"]

1. e4 e6 2. d4 d5 3. Nd2 dxe4 4. Nxe4 Nd7 5. Nf3 Ngf6 6. Bd3 Nxe4 7. Bxe4 Nf6 8. Bg5 Be7 9. Bxf6 Bxf6 10. Qd3 h6 11. Bxb7 Rb8 12. Bc6+ Bd7 13. Bxd7+ Qxd7 14. b3 c5 15. Rd1 cxd4 16. Nxd4 Rd8 17. c3 O-O 18. Qe2 e5 19. Nb5 Qc6 20. O-O a6 21. Na3 Qxc3 22.
Nc4 Rd4 23. Rxd4 exd4 24. Rd1 Rd8 25. Qd3 Qb4 26. g3 Re8 27. Kg2 Re1 28. Rxe1 Qxe1 29. Qd2 Qe4+ 30. f3 Qb1 31. h4 d3 32. h5 Qc2 33. Kf2 Bc3 0-1

[Event "Early-Titled-Tuesday-Blitz-May-14-2024"]
[Site "Chess.com"]
[Date "2024.05.14"]
[Round "6"]
[White "Skatchkov_V"]
[Black "ViIIagra"]
[Result "1-0"]
[WhiteElo "2647"]
[BlackElo "2836"]
[TimeControl "180+1"]
[EndTime "9:07:57 PDT"]
[Termination "Skatchkov_V won by resignation"]

1. d4 d6 2. e4 g6 3. Nc3 c6 4. h4 Nf6 5. Be2 h5 6. Nf3 Bg7 7. Bg5 b5 8. a3 a6 9. Qd2 Qc7 10. e5 Ng4 11. exd6 exd6 12. Qf4 f5 13. Qg3 O-O 14.
Bf4 Rd8 15. O-O Kh8 16. Ng5 Bxd4 17. Bxg4 fxg4 18. Rad1 c5 19. Nd5 Qg7 20. c3 Be5 21. Bxe5 dxe5 22. Nb6 1-0

[Event "Early-Titled-Tuesday-Blitz-May-14-2024"]
[Site "Chess.com"]
[Date "2024.05.14"]
[Round "6"]
[White "NovoselovRoman"]
[Black "Casper"]
[Result "1-0"]
[WhiteElo "2653"]
[BlackElo "2505"]
[TimeControl "180+1"]
[EndTime "9:07:57 PDT"]
[Termination "NovoselovRoman won by resignation"]

1. d4 Nc6 2. Nf3 d5 3. Bf4 Bg4 4. Nbd2 Nf6 5. e3 e6 6. Be2 Bd6 7. Bg3 O-O 8. c4 Re8 9. Ne5 Bxe2 10. Qxe2 Bxe5 11. dxe5 Nd7 12. f4 Nc5 13. O-O dxc4 14. Nxc4 Qd5 15. Rad1 Qe4 16. f5 Rad8 17. fxe6 Nxe6 18.
b3 a6 19. Qh5 g6 20. Qf3 Qxf3 21. gxf3 Nc5 22. Nb2 Rxd1 23. Rxd1 Nxe5 24. Kf2 Kg7 25. Rd5 Ncd7 26. h3 c6 27. Rd6 Re6 28. Rd4 Nf6 29. f4 Ned7 30. Kf3 Nc5 31. Nc4 Nce4 32. Ne5 c5 33.
Rxe4 Nxe4 34. Kxe4 Rd6 35. Nc4 Rd1 36. Bf2 b5 37.
Nd6 Rd2 38. Bg3 Rxa2 39. f5 Rb2 40. Be5+ 1-0

[Event "Early-Titled-Tuesday-Blitz-May-14-2024"]
[Site "Chess.com"]
[Date "2024.05.14"]
[Round "6"]
[White "maximnovik"]
[Black "SidArun"]
[Result "1-0"]
[WhiteElo "2528"]
[BlackElo "2351"]
[TimeControl "180+1"]
[EndTime "9:07:57 PDT"]
[Termination "maximnovik won by resignation"]

1. e4 c6 2. d4 d5 3. e5 c5 4.
dxc5 e6 5. c3 Bxc5 6. Qg4 Ne7 7.
b4 Bb6 8. Qxg7 Rg8 9. Qxh7 d4 10. Nf3 Nbc6 11. Bg5 dxc3 12. Qxg8+ Nxg8 13. Bxd8 Bxd8 14. Nxc3 Nxb4 15. Bb5+ Kf8 16. O-O-O Be7 17. Kb2 a6 18. Bd7 Bxd7 19. Rxd7 b5 20. Rhd1 Rc8 21. h4 Nh6 22. g3 a5 23. R1d2 Rc5 24. Ne4 Rc4 25. Nf6 a4 26. a3 Nc6 27. Rb7 b4 28. axb4 Bxb4 29. Rc2 a3+ 30. Kb1 Rxc2 31. Kxc2 a2 32. Kb2 Bc5 33.
Kxa2 Bxf2 34. g4 Bg3 35. h5 Kg7 36. g5 Nxe5 37. Ne8+ Kh7 38. Nxe5 1-0

[Event "Early-Titled-Tuesday-Blitz-May-14-2024"]
[Site "Chess.com"]
[Date "2024.05.14"]
[Round "6"]
[White "savitha1030"]
[Black "Mops_2004"]
[Result "1-0"]
[WhiteElo "2547"]
[BlackElo "2814"]
[TimeControl "180+1"]
[EndTime "9:07:58 PDT"]
[Termination "savitha1030 won by resignation"]

1. e4 c6 2. d4 d5 3. Nc3 dxe4 4. Nxe4 Nf6 5. Ng3 h5 6. h4 c5 7. Be3 Ng4 8. dxc5 Qc7 9. Qf3 Nxe3 10. Qxe3 g6 11.
Qc3 Rg8 12. Nf3 Nc6 13. O-O-O Bg7 14. Qb3 Kf8 15. Ng5 e6 16. Qd3 Be5 17. N3e4 b6 18.
Qb5 Kg7 19. g3 Rb8 20. c3 Bd7 21. Qe2 bxc5 22. f4 Bf6 23. Nxf6 Kxf6 24. Ne4+ Kg7 25.
Nxc5 Rgd8 26. Bg2 Ne7 27. Rxd7 Rxd7 28. Nxd7 Qxd7 29. Qe5+ 1-0

[Event "Early-Titled-Tuesday-Blitz-May-14-2024"]
[Site "Chess.com"]
[Date "2024.05.14"]
[Round "6"]
[White "ItsCheckM8Mate"]
[Black "kritipatel"]
[Result "1-0"]
[WhiteElo "2306"]
[BlackElo "2165"]
[TimeControl "180+1"]
[EndTime "9:07:58 PDT"]
[Termination "ItsCheckM8Mate won on time"]

1. e4 e5 2. Nf3 Nc6 3. Bc4 Nf6 4. d3 Bc5 5. O-O O-O 6. c3 d6 7. h3 h6 8. Bb3 Bb6 9. Nbd2 Ne7 10. Nc4 Ng6 11.
Nxb6 axb6 12. d4 Qe7 13. Re1 Be6 14. d5 Bd7 15. Be3 Nh5 16. Bc4 Ngf4 17. Bf1 Qf6 18.
Kh2 g5 19. g3 Nxh3 20. Bxh3 g4 21. Bg2 gxf3 22. Bxf3 Ng7 23. Kg2 Qg6 24. Rh1 f5 25.
Rxh6 Qe8 26. Qd2 Ra4 27. Rah1 fxe4 28. Bh5 Qe7 29. Bg6 1-0

[Event "Early-Titled-Tuesday-Blitz-May-14-2024"]
[Site "Chess.com"]
[Date "2024.05.14"]
[Round "6"]
[White "cristiano78"]
[Black "Incognizance"]
[Result "1-0"]
[WhiteElo "2250"]
[BlackElo "1980"]
[TimeControl "180+1"]
[EndTime "9:07:59 PDT"]
[Termination "cristiano78 won by resignation"]

1. d4 Nf6 2. c4 e6 3. Nf3 Bb4+ 4. Bd2 Qe7 5. a3 Bxd2+ 6. Nbxd2 O-O 7. e4 d6 8. Bd3 e5 9. d5 c5 10. O-O Bg4 11.
h3 Bxf3 12. Nxf3 Nbd7 13. b3 h6 14. Re1 Rfe8 15. Qd2 Nf8 16. b4 b6 17. a4 Ng6 18.
a5 cxb4 19. axb6 axb6 20. Qxb4 Nd7 21. Qb5 Nc5 22. Bf1 Rxa1 23. Rxa1 Nxe4 24. Qxb6 Qd8 25.
Qc6 Ne7 26. Qb7 Qc8 27. Ra7 Qxb7 28. Rxb7 Nf5 29. Rc7 Re7 30. Rc8+ Kh7 31. Bd3 Nfg3 32. fxg3 f5 33. Rd8 Nc5 34. Bxf5+ g6 35. Be6 e4 36. Nd4 Nxe6 37. dxe6 Rc7 38. Rxd6 Rxc4 39. e7 Kg7 1-0

[Event "Early-Titled-Tuesday-Blitz-May-14-2024"]
[Site "Chess.com"]
[Date "2024.05.14"]
[Round "6"]
[White "Aygehovit1992"]
[Black "vaishali2001"]
[Result "1-0"]
[WhiteElo "2867"]
[BlackElo "2691"]
[TimeControl "180+1"]
[EndTime "9:08:00 PDT"]
[Termination "Aygehovit1992 won by resignation"]

1. e4 c6 2. d4 d5 3. e5 Bf5 4. Nf3 e6 5. Be2 Nd7 6. O-O a5 7. Nbd2 a4 8. Re1 Ne7 9. Nf1 h6 10.
Ng3 Bh7 11. Nh5 c5 12. dxc5 Nc6 13. Be3 Qa5 14. c3 Nxc5 15. b4 axb3 16. axb3 Qd8 17. Nxg7+ Bxg7 18. Bxc5 Bf8 19. Bxf8 Kxf8 20. Qd2 Kg7 21.
Qf4 Rg8 22. Bb5 Ne7 23. Qf6+ Kf8 24. Qxh6+ Rg7 25. Ng5 Kg8 26. Qf6 Nf5 27. Rxa8 Qxa8 28. Bd3 Bg6 29. Nxe6 fxe6 30. Qxe6+ Kh8 31. Bxf5 Bxf5 32.
Qxf5 d4 33. cxd4 b6 34. Qh3+ Kg8 35. e6 1-0

[Event "Early-Titled-Tuesday-Blitz-May-14-2024"]
[Site "Chess.com"]
[Date "2024.05.14"]
[Round "6"]
[White "esrosenberg"]
[Black "Abund"]
[Result "0-1"]
[WhiteElo "2327"]
[BlackElo "2784"]
[TimeControl "180+1"]
[EndTime "9:08:00 PDT"]
[Termination "Abund won by resignation"]

1. e4 g6 2. d4 Bg7 3. Nc3 a6 4. Nf3 b5 5. Bd3 Bb7 6. Be3 d6 7. Qe2 Nd7 8. Rd1 Qc8 9. e5 dxe5 10. dxe5 Bxf3 11. Qxf3 Nxe5 12. Qd5 c6 13. Qe4 Nxd3+ 14. Rxd3 Nf6 15. Qb4 a5 16. Qc5 Nd7 17. Qg5 Ne5 18.
Rd1 O-O 19. O-O Nc4 20. Qxe7 Nxb2 21. Ne4 Nxd1 22. Rxd1 Rd8 23. Rd3 Rxd3 24. cxd3 Qd8 25. Qxd8+ Rxd8 26. Nc5 Bf8 0-1

[Event "Early-Titled-Tuesday-Blitz-May-14-2024"]
[Site "Chess.com"]
[Date "2024.05.14"]
[Round "6"]
[White "SAInt_666"]
[Black "TigrVShlyape"]
[Result "1/2-1/2"]
[WhiteElo "2798"]
[BlackElo "2949"]
[TimeControl "180+1"]
[EndTime "9:08:01 PDT"]
[Termination "Game drawn - insufficient material"]

1. e4 c5 2. Nf3 e6 3. c3 Nf6 4. e5 Nd5 5. Bc4 b6 6. d4 cxd4 7. cxd4 Ba6 8. Bxa6 Nxa6 9. O-O Be7 10. Nbd2 O-O 11. Ne4 Nac7 12. Bg5 f6 13. exf6 gxf6 14.
Bh6 Rf7 15. Re1 Kh8 16. Nc3 Qg8 17. Bd2 Rg7 18. g3 Qf7 19. Rc1 Qh5 20. Qe2 Rgg8 21. Qe4 Rac8 22. Nxd5 Nxd5 23. Rxc8 Rxc8 24. Rc1 Rxc1+ 25.
Bxc1 Qg6 26. Qxg6 hxg6 27. h4 b5 28. Kf1 Nb4 29. Be3 Nxa2 30. d5 a6 31. dxe6 dxe6 32. Nd4 e5 33. Nc6 Bd6 34. g4 Nb4 35. Nxb4 Bxb4 36. f4 exf4 37. Bxf4 Kg7 38. Ke2 a5 39.
Kd3 a4 40. Kd4 Kf7 41. Kd5 Be1 42. h5 gxh5 43. gxh5 Bf2 44. Bd2 f5 45. Kc6 b4 46.
Bxb4 f4 47. Kb5 f3 48. Kxa4 Bd4 49. Be1 Bxb2 50. Kb3 Bd4 51. Kc4 f2 52. Bxf2 Bxf2 53. h6 Kg6 54. h7 Kxh7 1/2-1/2

[Event "Early-Titled-Tuesday-Blitz-May-14-2024"]
[Site "Chess.com"]
[Date "2024.05.14"]
[Round "6"]
[White "ravengelic"]
[Black "AlmasRakhmatullaev"]
[Result "1-0"]
[WhiteElo "2697"]
[BlackElo "2866"]
[TimeControl "180+1"]
[EndTime "9:08:05 PDT"]
[Termination "ravengelic won by resignation"]

1. d4 d5 2. Bf4 Nf6 3. e3 g6 4.
Nf3 Bg7 5. Be2 O-O 6. O-O Nbd7 7.
h3 c5 8. c3 a6 9. a4 b6 10. Nbd2 Bb7 11. Ne5 e6 12. Bd3 Rc8 13. Qe2 c4 14. Bc2 Re8 15. Bg5 Qc7 16. f4 Nf8 17.
Bh4 N6d7 18. e4 dxe4 19. Nxe4 b5 20. axb5 axb5 21. Ra7 Qb6 22. Rxb7 Qxb7 23. Nd6 Qb6 24. Nexf7 Nf6 25. Nxc8 Rxc8 26. Ne5 Nd5 27. Kh2 b4 28. Be1 b3 29. Be4 Qb5 30. Bd2 Nb6 31. h4 Na4 32. Bc1 Qe8 33. h5 Nb6 34. hxg6 hxg6 35. Qg4 Rc7 36.
Nxg6 Nxg6 37. Bxg6 Qe7 38. f5 Nd7 39. fxe6 Nf6 40. Bf7+ Kf8 41. Qh4 Ra7 42. Bf4 Ra5 43. Be5 Rxe5 44. dxe5 Nd5 45. Bg6+ 1-0

[Event "Early-Titled-Tuesday-Blitz-May-14-2024"]
[Site "Chess.com"]
[Date "2024.05.14"]
[Round "6"]
[White "Kushch_Nikolai"]
[Black "NowInChess"]
[Result "1-0"]
[WhiteElo "2420"]
[BlackElo "2246"]
[TimeControl "180+1"]
[EndTime "9:08:05 PDT"]
[Termination "Kushch_Nikolai won on time"]

1. Nf3 Nf6 2. c4 g6 3. b4 Bg7 4. Bb2 O-O 5. d4 d6 6. e3 Nbd7 7. Be2 Re8 8. O-O e5 9. dxe5 Ng4 10. Nc3 Ndxe5 11. Qb3 Bf5 12. Rad1 c6 13. e4 Be6 14.
Nxe5 Nxe5 15. f4 Ng4 16. Bxg4 Bxg4 17. Rde1 Bd4+ 18. Kh1 Qh4 19. Nd1 Bxb2 20. Nxb2 Be6 21. Qd3 Qf6 22. Nd1 b5 23. Ne3 bxc4 24. Nxc4 Bxc4 25.
Qxc4 Rec8 26. e5 dxe5 27. fxe5 Qe7 28. e6 f5 29. Rd1 Rc7 30. Rd7 Rxd7 31. exd7+ Kg7 32.
Qxc6 Rd8 33. Rd1 Qe2 34. Qd6 Kh6 35. a4 a6 36. h3 Kh5 37. Kh2 h6 38. Rd4 g5 39.
Qf6 1-0

[Event "Early-Titled-Tuesday-Blitz-May-14-2024"]
[Site "Chess.com"]
[Date "2024.05.14"]
[Round "6"]
[White "Zarinur"]
[Black "crazy_but_lazy"]
[Result "1-0"]
[WhiteElo "2570"]
[BlackElo "2668"]
[TimeControl "180+1"]
[EndTime "9:08:07 PDT"]
[Termination "Zarinur won by resignation"]

1. e4 Nf6 2. e5 Nd5 3. d4 d6 4. c4 Nb6 5. exd6 exd6 6. Nc3 Be7 7.
Bd3 O-O 8. Nge2 Bf6 9. O-O c6 10. Be3 d5 11. c5 N6d7 12. Rc1 Na6 13. a3 Nc7 14. Bb1 Ne6 15. Ng3 g6 16. Bh6 Re8 17. Nce2 Ng7 18. f4 Nf8 19. f5 Bg5 20. Bxg7 Kxg7 21. Rc3 Nd7 22. Rcf3 Nf6 23. Nf4 Bd7 24. Kh1 Qe7 25. Nd3 Bh4 26. Ne5 g5 27. Rb3 Rab8 28.
Nh5+ Nxh5 29. Qxh5 Qf6 30. g3 Bc8 31. gxh4 gxh4 32.
Rg1+ Kf8 33. Qxh7 b6 34. Rh3 bxc5 35. Qxh4 cxd4 36. Qxf6 1-0

[Event "Early-Titled-Tuesday-Blitz-May-14-2024"]
[Site "Chess.com"]
[Date "2024.05.14"]
[Round "6"]
[White "Happy1712Drummer"]
[Black "Moon_stone123"]
[Result "1/2-1/2"]
[WhiteElo "2450"]
[BlackElo "2611"]
[TimeControl "180+1"]
[EndTime "9:08:07 PDT"]
[Termination "Game drawn by agreement"]

1. e4 c6 2. d4 d5 3. Nc3 dxe4 4.
Nxe4 Nf6 5. Nxf6+ exf6 6. Be2 Bd6 7. Bf3 O-O 8. Ne2 Re8 9. O-O Nd7 10. Bf4 Nf8 11. c4 Bf5 12. Bxd6 Qxd6 13. Qb3 b6 14. Rfd1 Be4 15. d5 cxd5 16. cxd5 Bxf3 17. Qxf3 Rad8 18. Nc3 Ng6 19. Nb5 Qd7 20. a4 Ne5 21. Qb3 h5 22. Rac1 Rc8 23. d6 Rxc1 24. Rxc1 a6 25. Nc7 Rd8 26. Rd1 Qc6 27. Qd5 Qxa4 28.
h3 h4 29. Rd4 Qa1+ 30. Kh2 Qxb2 31. f4 Qf2 32. fxe5 Qg3+ 33. Kg1 Qe1+ 34. Kh2 Qg3+ 35. Kg1 Qe1+ 1/2-1/2